 Dungeon Crawl Stone Soup version 0.28.0-53-g5a82cb258f (webtiles) character file.

Game seed: 2257317630086186534

116 jiml777 the Gusty (level 4, -6/24 HPs)
             Began as a Deep Elf Air Elementalist on June 15, 2022.
             Killed by divine providence
             ... invoked by an orc priest
              (8 damage)
             ... on level 3 of the Dungeon.
             The game lasted 00:13:24 (2174 turns).

jiml777 the Gusty (Deep Elf Air Elementalist)       Turns: 2174, Time: 00:13:25

Health: -6/24      AC:  4    Str:  5    XL:     4   Next: 69%
Magic:  7/11       EV: 26    Int: 22    God:
Gold:   50         SH:  0    Dex: 15    Spells: 7/10 levels left

rFire   . . .      SeeInvis .   i - +1 dagger (venom)
rCold   . . .      Faith    .   (no shield)
rNeg    . . .      Spirit   .   l - +0 leather armour
rPois   .          Reflect  .   (no helmet)
rElec   .          Harm     .   (no cloak)
rCorr   .          Rampage  .   m - +0 pair of gloves
Will    .....                   (no boots)
Stlth   ++........              d - amulet of the acrobat
HPRegen 0.08/turn               (no ring)
MPRegen 0.12/turn               (no ring)

@: acrobatic
A: no striking features
a: no special abilities


You were on level 3 of the Dungeon.
You visited 1 branch of the dungeon, and saw 3 of its levels.

You collected 50 gold pieces.

Inventory:

Hand Weapons
 c - a +0 spear
 i - a +1 dagger of venom (weapon)
Missiles
 b - 20 stones
 g - 33 bolts
Armour
 a - a +0 robe
 l - a +0 leather armour (worn)
 m - a +0 pair of gloves (worn)
Magical Staves
 k - a staff of cold
Jewellery
 d - an amulet of the acrobat (around neck)
Scrolls
 e - a scroll of fog
Potions
 h - a potion of flight {unknown}
 j - a potion of curing {unknown}


   Skills:
 + Level 0.1 Fighting
 + Level 0.1 Short Blades
 + Level 2.6 Dodging
 + Level 3.6 Stealth
 + Level 3.7 Spellcasting
 + Level 2.0 Conjurations
 + Level 4.3 Air Magic


You had 7 spell levels left.
You knew the following spells:

 Your Spells              Type           Power      Damage    Failure   Level
a - Shock                 Conj/Air       72%        1d7       5%          1
b - Static Discharge      Conj/Air       18%        N/A       8%          2

Your spell library contained the following spells:

 Spells                   Type           Power      Damage    Failure   Level
 Swiftness                Air            23%        N/A       10%         3
 Poisonous Vapours        Pois/Air       26%        N/A       12%         2
 Sting                    Tmut/Pois      16%        1d3       19%         1
 Airstrike                Air            11%        N/A       32%         4
 Ozocubu's Armour         Ice            4%         N/A       50%         3
 Olgreb's Toxic Radiance  Pois           4%         N/A       88%         4
 Passage of Golubria      Tloc           4%         N/A       88%         4
 Silence                  Hex/Air        6%         N/A       92%         5
 Ozocubu's Refrigeration  Ice            2%         4d5       100%        7
 Lehudib's Crystal Spear  Conj/Erth      4%         10d3      100%        8


Dungeon Overview and Level Annotations

Branches:
Dungeon (3/15)

Altars:


Message History

Confirm with . or Enter, or press ? or * to list all spells.
Aiming: Shock (safe; 5% risk of failure)
Press: ? - help, Shift-Dir - straight line The zap hits the orc.
The orc is moderately wounded.
The zap misses the orc.
The orc hits you with a +0 club.
Unknown command.
Casting: Shock (safe; 5% risk of failure)
Confirm with . or Enter, or press ? or * to list all spells.
Aiming: Shock (safe; 5% risk of failure)
Press: ? - help, Shift-Dir - straight line The zap hits the orc.
The orc is almost dead.
The zap hits the orc.
You kill the orc!
Casting: Shock (safe; 5% risk of failure)
Confirm with . or Enter, or press ? or * to list all spells.
Aiming: Shock (safe; 5% risk of failure)
Press: ? - help, Shift-Dir - straight line The zap hits the orc priest.
The orc priest is lightly wounded.
The zap hits the orc priest.
The orc priest is lightly wounded.
The orc priest mumbles some strange prayers to Beogh against you.
Beogh smites you!
Casting: Shock (safe; 5% risk of failure)
Confirm with . or Enter, or press ? or * to list all spells.
Aiming: Shock (safe; 5% risk of failure)
Press: ? - help, Shift-Dir - straight line The zap misses the orc priest.
The zap hits the orc priest.
The orc priest is heavily wounded.
The orc priest calls down the wrath of Beogh upon you.
Beogh smites you!
Ouch! That really hurt!
* * * LOW HITPOINT WARNING * * *
Okay, then.
Your magical contamination has completely faded away.
The orc priest mumbles some strange prayers to Beogh against you.
Beogh smites you!
You die...

######. ......# #
#. ......+
...#.###### ......#
#.........##.o....#
#..#.#..#....?.....
#..#.#..#.#)######
#..#.#.......oo..#
#..#.##...#.####@#
.....#......####.#
.....#...........#
####..............
)........#########
########.# #.# #.#
#.#


You could see an orc priest and an orc.

Vanquished Creatures
  4 gnolls
  3 adders (D:2)
  A worm (D:2)
  A dart slug (D:2)
  An orc (D:3)
  2 bats
  5 endoplasms
  A giant cockroach (D:2)
  4 goblins
  3 hobgoblins
  7 jackals
  6 ball pythons
  3 frilled lizards
  2 kobolds
  2 rats
45 creatures vanquished.

Notes
Turn   | Place    | Note
-------+----------+-------------------------------------------
     0 | D:1      | jiml777 the Deep Elf Air Elementalist began the quest for
                  | the Orb.
     0 | D:1      | Reached XP level 1. HP: 10/10 MP: 6/6
   242 | D:1      | Reached XP level 2. HP: 12/15 MP: 1/8
   619 | D:1      | Reached skill level 4 in Air Magic
   670 | D:1      | Learned a level 2 spell: Static Discharge
   723 | D:1      | Reached XP level 3. HP: 19/19 MP: 5/9
  1605 | D:2      | Reached XP level 4. HP: 24/24 MP: 8/11
  2170 | D:3      | HP: 1/24 [orc priest/divine providence (12)]
  2174 | D:3      | Killed from afar by an orc priest

Illustrated notes

Levels and vault maps discovered:
D:1:      dpeg_arrival_rooms_b, layout_rooms, roderic_serpentine_path
D:2:      layout_rooms
D:3:      layout_basic, serial_park_tiny_1

Skill      XL: |  1  2  3  4 |
---------------+-------------+-----
Air Magic      | 4 |  4.3
Stealth        | 3 |  3.6
Conjurations   | 2 |  2.0
Fighting       | |  0.1
Short Blades   | |  0.1
Dodging        | |  2.6
Spellcasting   | |  3.7

Action                   |  1- 3 |  4- 6 || total
-------------------------+-------+-------++-------
Melee: Spear             |     8 |       ||     8
       Dagger            |    15 |     1 ||    16
 Cast: Shock             |    53 |    19 ||    72
  Use: Scroll            |       |     4 ||     4
       Potion            |       |     1 ||     1
 Stab: Sleeping          |     1 |     1 ||     2
Armor: Robe              |     6 |       ||     6
       Leather armour    |     1 |     1 ||     2
Dodge: Dodged            |    31 |    17 ||    48
